AoeStats
← 鲸赠恩

Oasis

508625720Analyzed
4v4 RM · 10d ago on Sep 23, 2026· 33m 47s· 8 players
Game mode
Random Map
Map size
Large (8 player)
Population
200
Speed
Normal
Resources
Standard
Victory
Conquest
Starting age
Dark Age
Ending age
Imperial Age
RankedLock teamsTeams togetherTeam positionsShared explorationLock speedFull tech treeHidden civsTurbo modeCheats
Victory
Defeat
🇨🇳 Mongols · China
1349
+16
1313
+18
🇨🇳 Persians · China
1312
+18
🇨🇳 Varangians · China
1249
+21
🇭🇰 Saxons · Hong Kong SAR China
1367
-18
🇨🇳 Saracens · China
1366
-19
🇨🇳 Varangians · China
1347
-18
休眠玩家 精锐条顿骑士 一步杀十人
8:25 Loom
10:46 Feudal Age
20:49 Castle Age
20:50 Double-Bit Axe
22:43 Horse Collar
28:27 Fletching
29:51 Gold Mining
33:26 Bodkin Arrow
3HK
10:22 Feudal Age
14:25 Castle Age
12:23 Double-Bit Axe
13:28 Horse Collar
15:24 Bow Saw
20:22 Wheelbarrow
20:10 Stone Mining
20:48 Gold Mining
21:11 Fletching
21:44 Crossbowman
23:11 Thumb Ring
23:58 Bodkin Arrow
24:05 Padded Archer Armor
25:00 Ballistics
24:56 Padded Archer Armor
27:28 Hand Cart
29:48 Town Watch
30:20 Leather Archer Armor
32:58 Imperial Age
30:09 Elite Skirmisher
31:09 Scale Mail Armor
31:12 Squires
31:33 Loom
32:36 Chain Mail Armor
32:14 Pikeman
33:19 Forging
34:54 Two-Man Saw
打咩哟~
11:00 Feudal Age
14:56 Castle Age
12:40 Horse Collar
13:06 Double-Bit Axe
13:58 Scale Mail Armor
15:11 Forging
18:52 Squires
23:08 Chain Mail Armor
23:56 Gold Mining
24:45 Gambesons
28:07 Loom
28:07 Town Watch
28:08 Loom
28:48 Arson
31:24 Iron Casting
32:28 Bow Saw
630406632
8:22 Loom
10:29 Feudal Age
17:03 Castle Age
15:18 Double-Bit Axe
15:54 Horse Collar
18:00 Bow Saw
21:04 Gold Mining
22:03 Husbandry
22:52 Scale Barding Armor
24:53 Bloodlines
25:53 Forging
26:19 Stone Mining
27:58 Chain Barding Armor
30:44 Wheelbarrow
31:55 Iron Casting
32:06 Gold Shaft Mining
鲸赠恩
7:49 Feudal Age
7:01 Loom
8:50 Double-Bit Axe
8:47 Horse Collar
15:45 Castle Age
17:02 Town Watch
17:52 Wheelbarrow
16:59 Horse Collar
27:10 Stone Mining
27:35 Bow Saw
28:04 Hand Cart
28:51 Coinage
28:21 Caravan
31:34 Imperial Age
29:31 Gold Mining
30:37 Heavy Plow
30:51 Fletching
31:12 Padded Archer Armor
31:18 Caravan
31:50 Bodkin Arrow
32:33 Gold Shaft Mining
32:36 Stone Shaft Mining
32:32 Ballistics
32:45 Coinage
33:05 Bracer
33:21 Leather Archer Armor
34:38 Chemistry
很想要哥哥来给我打一针
6:33 Loom
9:28 Feudal Age
12:37 Fletching
22:13 Castle Age
21:42 Padded Archer Armor
22:48 Bodkin Arrow
22:22 Crossbowman
26:42 Double-Bit Axe
27:20 Leather Archer Armor
31:55 Bow Saw
31:30 Horse Collar
Nightfall
10:21 Feudal Age
14:03 Castle Age
12:27 Double-Bit Axe
13:05 Horse Collar
14:38 Scale Barding Armor
15:55 Loom
19:51 Wheelbarrow
20:11 Forging
21:31 Bloodlines
21:59 Gold Mining
22:21 Bow Saw
23:09 Chain Barding Armor
26:26 Husbandry
28:36 Town Watch
29:06 Hand Cart
29:42 Iron Casting
30:00 Stone Mining
33:48 Imperial Age
33:28 Caravan
猛踹瘸子好腿
10:11 Feudal Age
14:10 Castle Age
12:31 Double-Bit Axe
12:33 Horse Collar
21:44 Wheelbarrow
22:38 Bow Saw
23:32 Heavy Plow
23:56 Hand Cart
23:39 Gold Mining
28:53 Imperial Age
26:11 Loom
26:34 Scale Barding Armor
27:36 Chain Barding Armor
27:26 Forging
27:17 Stone Mining
28:02 Gold Shaft Mining
27:14 Town Watch
27:53 Masonry
29:07 Bloodlines
28:57 Husbandry
29:33 Iron Casting
28:42 Cavalier
29:59 Plate Barding Armor
30:35 Conscription
31:22 Blast Furnace
30:03 Savar
30:07 Light Cavalry
33:33 Caravan
Connection lost

Rejoining the realm…

Still unreachable

The connection could not be restored.

Session expired

The server has moved on; the page needs a fresh start.